 Dungeon Crawl Stone Soup version 0.30.0 (webtiles) character file.

Game seed: 10802522555277382213

253664 PurpleRed the Fetichist (level 19, -4/152 HPs)
             Began as a Gnoll Artificer on May 11, 2023.
             Was an Initiate of Gozag.
             Killed by a resonance strike
             ... invoked by Zenata
              (31 damage)
             ... on level 2 of the Elven Halls.
             The game lasted 02:18:29 (58237 turns).

PurpleRed the Fetichist (Gnoll Artificer)          Turns: 58237, Time: 02:18:30

Health: -4/152     AC: 33    Str: 15    XL:     19   Next: 72%
Magic:  3/36       EV: 16    Int: 14    God:    Gozag
Gold:   6036       SH: 15    Dex: 19    Spells: 23/45 levels left

rFire   + . .        O - +3 demon trident (freeze)
rCold   + + .        T - +1 kite shield {AC+3}
rNeg    + + +        V - +5 scale mail of the Merchant {rElec rN+++ rCorr Int-5}
rPois   .            t - +0 mask of the Dragon {Will+ Slay+3 SInv}
rElec   +            K - +2 cloak "Qomel" {rElec rC+}
rCorr   +            p - +3 Mad Mage's Maulers {Infuse+∞ VampMP -Cast}
SInv    +            b - +2 pair of boots of Maq Isham {rF+ Dex+3}
Will    ++...        U - amulet "Wedof" {rC+ Regen+ Int+2 Slay+2}
Stlth   ++++         J - ring "Gyceluph" {AC+4 Int+2 Dex+3}
HPRegen 1.25/turn    B - ring of flight
MPRegen 0.25/turn

%: no spellcasting, infuse magic (3 MP)
@: mighty, flying
A: fangs 1, strong nose, distributed training
}: 2/15 runes: decaying, serpentine
a: Renounce Religion, Potion Petition, Call Merchant, Bribe Branch


You were on level 2 of the Elven Halls.
You worshipped Gozag.
Gozag was greatly pleased with you.
You visited 7 branches of the dungeon, and saw 33 of its levels.
You also visited: Sewer and Gauntlet.

You collected 14072 gold pieces.
You spent 4062 gold pieces at shops.
You paid 3974 gold pieces to Gozag.

Inventory:

Hand Weapons
 m - the +4 falchion of Mixzieg {freeze, rElec rN+ Str-4}
   (You found it on level 6 of the Dungeon)

   Str:       It affects your strength (-4).
   rElec:     It insulates you from electricity.
   rN:        It protects you from negative energy.
 O - a +3 demon trident of freezing (weapon)
 W - the +1 morningstar "Ehoadog" {venom, Int+5}
   (You took it off a minotaur in a Gauntlet)

   Int:       It affects your intelligence (+5).
Missiles
 a - 8 javelins
 S - 4 curare-tipped darts
Armour
 b - the +2 pair of boots of Maq Isham (worn) {rF+ Dex+3}
   (You acquired it on level 11 of the Dungeon)

   Dex:       It affects your dexterity (+3).
   rF:        It protects you from fire.
 p - the +3 Mad Mage's Maulers (worn) {Infuse+∞ VampMP -Cast}
   (You found it on level 5 of the Lair of Beasts)

   Infuse+∞: It empowers its wearer's blows with all of their magic.
   VampMP:    Blows struck in melee replenish the wearer's magic.
   -Cast:     It prevents spellcasting.
 t - the +0 mask of the Dragon (worn) {Will+ Slay+3 SInv}
   (You bought it in a shop on level 2 of the Orcish Mines)

   Slay:      It affects your accuracy & damage with ranged weapons and melee
   (+3).
   SInv:      It lets you see invisible.
   Will:      It increases your willpower.
 E - the +0 ring mail of the Scuffed God {rF+ Str+2 Int+4}
   (You found it on level 14 of the Dungeon)

   Str:       It affects your strength (+2).
   Int:       It affects your intelligence (+4).
   rF:        It protects you from fire.
 K - the +2 cloak "Qomel" (worn) {rElec rC+}
   (You bought it in a shop on level 11 of the Dungeon)

   rC:        It protects you from cold.
   rElec:     It insulates you from electricity.
 T - a +1 kite shield of protection (worn)
 V - the +5 scale mail of the Merchant (worn) {rElec rN+++ rCorr Int-5}
   (You bought it in a shop on level 2 of the Orcish Mines)

   Int:       It affects your intelligence (-5).
   rElec:     It insulates you from electricity.
   rN:        It renders you almost immune to negative energy.
   rCorr:     It protects you from acid and corrosion.
Magical Staves
 r - a staff of conjuration
Jewellery
 v - a ring of poison resistance
 x - a +6 ring of intelligence
 B - a ring of flight (right hand)
 C - the ring "Koesawk" {rElec Str+6 Int-5 Dex+6}
   (You took it off a minotaur in a Gauntlet)

   [ring of strength]

   Str:       It affects your strength (+6).
   Int:       It affects your intelligence (-5).
   Dex:       It affects your dexterity (+6).
   rElec:     It insulates you from electricity.
 J - the ring "Gyceluph" (left hand) {AC+4 Int+2 Dex+3}
   (You bought it in a shop on level 2 of the Orcish Mines)

   [ring of protection]

   AC:        It affects your AC (+4).
   Int:       It affects your intelligence (+2).
   Dex:       It affects your dexterity (+3).
 P - the ring of the Mage {Wiz Archmagi}
   (You found it in a Gauntlet)

   [ring of wizardry]

   It improves your spell success rate.
   Archmagi:  It increases the power of your magical spells.
 U - the amulet "Wedof" (around neck) {rC+ Regen+ Int+2 Slay+2}
   (You found it in a Gauntlet)

   [amulet of regeneration]

   Int:       It affects your intelligence (+2).
   Slay:      It affects your accuracy & damage with ranged weapons and melee
   (+2).
   rC:        It protects you from cold.
   Regen:     It increases your rate of health regeneration.
 Z - a ring of resist corrosion
Wands
 d - a wand of charming (26)
 w - a wand of iceblast (4)
 L - a wand of digging (19)
 R - a wand of acid (15)
Scrolls
 f - 6 scrolls of magic mapping
 l - 6 scrolls of blinking
 q - 8 scrolls of fog
 s - 8 scrolls of amnesia
 y - 2 scrolls of brand weapon
 z - 3 scrolls of fear
 A - 14 scrolls of teleportation
 D - 2 scrolls of immolation
 Q - 3 scrolls of silence
Potions
 c - 2 potions of ambrosia
 g - 2 potions of berserk rage
 h - 14 potions of curing
 i - 3 potions of cancellation
 j - 11 potions of might
 k - 4 potions of haste
 n - 7 potions of attraction
 u - 4 potions of flight
 F - 6 potions of mutation
 G - a potion of heal wounds
 M - 2 potions of resistance
 N - 4 potions of brilliance
 X - a potion of invisibility
 Y - a potion of magic
Miscellaneous
 e - a lightning rod (3/4)
 o - a phantom mirror
 H - a tin of tremorstones (2/2)
 I - a box of beasts


   Skills:
 + Level 14.0 Fighting
 + Level 13.7 Short Blades
 + Level 13.7 Long Blades
 + Level 13.7 Axes
 + Level 13.7 Maces & Flails
 + Level 13.7 Polearms
 + Level 13.7 Staves
 + Level 13.7 Ranged Weapons
 + Level 13.7 Throwing
 + Level 14.4 Armour
 + Level 14.0 Dodging
 + Level 13.9 Stealth
 + Level 13.7 Shields
 + Level 13.7 Unarmed Combat
 + Level 13.7 Spellcasting
 + Level 11.6 Conjurations
 + Level 11.6 Hexes
 + Level 11.6 Summonings
 + Level 11.6 Necromancy
 + Level 11.6 Translocations
 + Level 11.6 Transmutations
 + Level 11.6 Fire Magic
 + Level 11.6 Ice Magic
 + Level 11.6 Air Magic
 + Level 11.6 Earth Magic
 + Level 11.6 Poison Magic
 + Level 14.9 Invocations
 + Level 15.1 Evocations


You had 23 spell levels left.
You knew the following spells:

 Your Spells              Type           Power      Damage    Failure   Level
a - Sandblast             Erth           84%        2d18      1%          1
b - Borgnjor's Vile Clut  Necr/Erth      21%        N/A       9%          5
c - Irradiate             Conj/Tmut      21%        3d18      9%          5
d - Fulminant Prism       Conj/Hex       21%        3d12      3%          4
e - Ozocubu's Refrigerat  Ice            21%        4d12      94%         7

Your spell library contained the following spells:

 Spells                   Type           Power      Damage    Failure   Level
 Apportation              Tloc           84%        N/A       1%          1
 Foxfire                  Conj/Fire      100%       2x1d9     1%          1
 Freeze                   Ice            100%       1d10      1%          1
 Kiss of Death            Conj/Necr      100%       2d13      1%          1
 Magic Dart               Conj           100%       1d8       1%          1
 Necrotise                Necr           100%       1d9       1%          1
 Lesser Beckoning         Tloc           84%        N/A       1%          2
 Passwall                 Tmut/Erth      35%        N/A       1%          2
 Scorch                   Fire           84%        2d9       1%          2
 Confusing Touch          Hex            42%        N/A       1%          3
 Dazzling Flash           Conj/Hex       84%        N/A       1%          3
 Frozen Ramparts          Ice            84%        1d13      1%          3
 Gell's Gravitas          Tloc           42%        N/A       1%          3
 Hailstorm                Conj/Ice       42%        3d10      1%          3
 Ignite Poison            Fire/Tmut/Pois 42%        N/A       1%          3
 Portal Projectile        Hex/Tloc       84%        N/A       1%          3
 Stone Arrow              Conj/Erth      84%        3d12      1%          3
 Summon Guardian Golem    Hex/Summ       42%        N/A       1%          3
 Teleport Other           Tloc           42%        N/A       1%          3
 Tukima's Dance           Hex            42%        N/A       1%          3
 Vampiric Draining        Necr           42%        2d9       1%          3
 Volatile Blastmotes      Fire/Tloc      84%        2d17      1%          3
 Dispel Undead            Necr           42%        3d17      3%          4
 Flame Wave               Conj/Fire      42%        2d11      3%          4
 Iskenderun's Mystic Bla  Conj/Tloc      42%        2d10      3%          4
 Leda's Liquefaction      Hex/Erth       21%        N/A       3%          4
 Manifold Assault         Tloc           42%        N/A       3%          4
 Passage of Golubria      Tloc           42%        N/A       3%          4
 Sticky Flame             Conj/Fire      42%        2d6       3%          4
 Summon Ice Beast         Ice/Summ       42%        N/A       3%          4
 Agony                    Necr           42%        N/A       9%          5
 Alistair's Intoxication  Tmut/Pois      28%        N/A       9%          5
 Arcjolt                  Conj/Air       21%        1d31      9%          5
 Blade Hands              Tmut           21%        N/A       9%          5
 Fireball                 Conj/Fire      21%        3d10      9%          5
 Lee's Rapid Deconstruct  Erth           21%        3d12*     9%          5
 Silence                  Hex/Air        21%        N/A       9%          5
 Summon Mana Viper        Hex/Summ       42%        N/A       9%          5
 Yara's Violent Unravell  Hex/Tmut       21%        3d10      9%          5
 Conjure Ball Lightning   Conj/Air       21%        3x3d6     41%         6
 Dispersal                Tloc           21%        N/A       41%         6
 Eringya's Noxious Bog    Tmut/Pois      21%        N/A       41%         6
 Statue Form              Tmut/Erth      28%        N/A       41%         6
 Summon Cactus Giant      Summ           21%        N/A       41%         6
 Dragon Form              Tmut           21%        N/A       94%         7
 Enfeeble                 Hex            21%        N/A       94%         7
 Monstrous Menagerie      Summ           21%        N/A       94%         7
 Orb of Destruction       Conj           21%        9d8       94%         7
 Spellforged Servitor     Conj/Summ      21%        N/A       94%         7
 Storm Form               Tmut/Air       21%        N/A       94%         7
 Discord                  Hex            21%        N/A       100%        8
 Ignition                 Fire           21%        3d8       100%        8
 Polar Vortex             Ice            21%        N/A       100%        9
 Simulacrum               Ice/Necr       Unusable   N/A       N/A         6

Dungeon Overview and Level Annotations

Branches:
Dungeon (15/15)            Temple (1/1) D:6            Lair (5/5) D:8
  Swamp (4/4) Lair:3        Snake (4/4) Lair:3        Slime (0/5) Lair:4
    Orc (2/2) D:10            Elf (2/3) Orc:2        Vaults (0/5) D:14
 Depths (0/4) D:15          Sewer (visited)         Gauntlet (visited)

Altars:
Ashenzari
Cheibriados
Dithmenos
Elyvilon
Fedhas
Gozag
Hepliaklqana
Makhleb
Nemelex Xobeh
Okawaru
Qazlal
Ru
Sif Muna
Trog
Uskayaw
Vehumet
Wu Jian
Xom
Yredelemnul
Zin
The Shining One
Jiyva

Shops:
D:8 :   D:11 :*   Orc:2 **?=[?*   Elf:1 **   Snake:2 [=[[   Snake:4 =:=

Portals:
Trove: D:11 (give +5 demon trident)

Annotations:
D:15 3 runed translucent doors, 333guts333's ghost, journeyman MiGl
Swamp:3 3 runed translucent doors, Qemahefa's ghost, adept GrFi
Snake:1 2 transporters, exclusion: obsidian statue
Elf:1 3 runed translucent doors, exclusion: obsidian statue, WiseOSalty's ghost, adept DsFi
Elf:2 3 runed translucent doors, Roxanne; Zenata


Innate Abilities, Weirdness & Mutations

You have very sharp teeth.
Your uncanny sense of smell can sniff out nearby items.
Your experience applies equally to all skills.


Message History

Press: ? - help, Dir - move target, f/p - Zenata
Aim: Zenata, wielding a +3 bardiche and wearing a +0 leather armour (moderately wounded, about 24% to evade your +3 demon trident of freezing)
You reach to attack!
You barely miss Zenata.
Zenata is moderately wounded.
Zenata sends weapons flying into battle!
Reach: O) +3 demon trident (freeze)
Press: ? - help, Dir - move target, f/p - Zenata
Aim: Zenata, wielding a +3 bardiche and wearing a +0 leather armour (moderately wounded, about 24% to evade your +3 demon trident of freezing)
You reach to attack!
You impale Zenata!! You freeze Zenata!
Zenata is heavily wounded.
You block the +3 halberd of freezing's attack.
The +0 heavy glaive closely misses you. You block Zenata's attack.
Reach: O) +3 demon trident (freeze)
Press: ? - help, Dir - move target, f/p - Zenata
Aim: Zenata, wielding a +3 bardiche and wearing a +0 leather armour (heavily wounded, about 24% to evade your +3 demon trident of freezing)
The +0 heavy glaive is in the way.
You puncture the +0 heavy glaive! You freeze the +0 heavy glaive.
The +0 heavy glaive is heavily damaged.
The +3 halberd of freezing hits you from afar!
The +0 heavy glaive barely misses you.
The +3 halberd of freezing hits you from afar!
You hear a shout!
The +0 heavy glaive hits you from afar.
Aiming: Thunderbolt
Press: ? - help, Shift-Dir - straight line, f/p - Zenata
Aim: Zenata, wielding a +3 bardiche and wearing a +0 leather armour (heavily wounded)
The thunderbolt hits Zenata!
Zenata is severely wounded.
The thunderbolt hits the +0 heavy glaive.
The +0 heavy glaive completely resists.
The +0 heavy glaive is heavily damaged.
The +0 heavy glaive hits you from afar!!
* * * LOW HITPOINT WARNING * * *
Okay, then.
You feel much better. The +0 heavy glaive hits you from afar!
* * * LOW HITPOINT WARNING * * *
Zenata gestures at you while chanting.
A blast of power from the earth strikes you!
You die...
Your body crumbles into a pile of gold.

##.............
#### ##.###.###.###
##...# ### #.#####
#<.### #.ea.#
#)...# ####.#
##)#### # #○#
##.[.## # #○#
##....[## #
#a###.......# #
#((.@..>....# # #
#.###.......# ## #
##.####.....### ##.
###
####...####...?..#
##.. ..#
##...###..###.###.#
##... ..### ##...##
##.# #.# #.####....
....# #.....# #.#
#.###.#.#.....
..#.# ##...## ##.#
#.....#.#.....
..#.# ##...###..#
###.###.#⌠....


You could see Zenata and 2 dancing weapons.

Vanquished Creatures
  Vashnia (Snake:4)
  2 thorn hunters (Swamp:4)
  A kraken (Swamp:1)
  5 nagarajas
  A deep elf sorcerer (Elf:2)
  3 ghouls
  2 very ugly things (D:15)
  A deep elf demonologist (Elf:1)
  A dire elephant (shapeshifter) (D:14)
  A deep elf annihilator (Elf:1)
  A minotaur (Gauntlet)
  8 eleionomae
  Azrael (D:13)
  9 bunyips
  Josephine (Snake:1)
  A shambling mangrove (Swamp:3)
  An ice dragon (Lair:5)
  A great orb of eyes (D:15)
  18 hydras
  2 rakshasas
  5 salamander tyrants
  4 ghost crabs
  The ghost of RoGGa the Spear-Bearer, a journeyman HuCA of Ignis (Lair:3)
  A vault guard (D:14)
  6 anacondas
  5 two-headed ogres
  6 alligators
  2 catoblepae
  5 boulder beetles
  11 dancing weapons
  7 centaur warriors
  A death knight (D:14)
  11 naga sharpshooters
  9 naga warriors
  4 orc high priests (Orc:2)
  8 shock serpents
  9 deep elf knights
  8 sea snakes
  7 skeletal warriors
  A skyshark (Lair:3)
  6 salamander mystics
  2 goliath frogs
  8 swamp dragons
  4 spriggan druids
  6 naga ritualists
  7 bog bodies
  3 wizards
  A lindwurm (Lair:5)
  A harpy (shapeshifter) (D:13)
  9 deep elf archers
  28 deep elf pyromancers
  An orc knight (Orc:2)
  14 ugly things
  2 orc sorcerers (Orc:2)
  17 deep elf zephyrmancers
  9 mana vipers
  7 cyclopes
  A necromancer (Gauntlet)
  3 will-o-the-wisps
  15 salamanders
  6 manticores
  7 guardian serpents
  2 ice statues
  14 elephants
  34 black mambas
  18 naga magi
  4 gargoyles
  10 cane toads
  Psyche (D:8)
  A yaktaur (D:14)
  A rime drake (Lair:1)
  A freezing wraith (D:14)
  2 unseen horrors
  3 efreet (D:14)
  6 komodo dragons
  A tengu conjurer (D:14)
  A guardian mummy (D:11)
  A bloated husk (Swamp:1)
  8 tyrant leeches
  3 meliai (D:13)
  8 polar bears
  16 hornets
  3 trolls
  A raiju (Gauntlet)
  8 dream sheep
  4 blink frogs (Lair:5)
  A centaur simulacrum (D:15)
  A jumping spider (shapeshifter) (D:14)
  19 slime creatures
  28 spriggans
  A vampire (D:12)
  2 air elementals
  10 shadows
  A water elemental (D:11)
  7 wyverns
  5 fire elementals
  7 wraiths
  33 yaks
  5 basilisks
  3 steam dragons
  17 vampire mosquitoes
  A hog (shapeshifter) (Elf:1)
  36 nagas
  21 swamp worms
  4 acid dragons
  16 water moccasins
  4 hell hounds (D:13)
  8 swamp drakes (Swamp:4)
  6 ice beasts
  6 black bears
  23 orc warriors
  An ogre (shapeshifter) (D:15)
  37 wolves
  5 boggarts
  11 centaurs
  12 ogres
  A phantom (D:6)
  2 kobold brigands
  3 earth elementals
  13 bullfrogs
  7 scorpions
  2 necrophages
  6 wights
  A troll zombie (D:10)
  8 killer bees
  10 electric eels
  2 lava snakes (Lair:3)
  23 orc priests
  2 hounds
  5 jellies
  4 iguanas
  4 sleepcaps
  31 orc wizards
  5 ogre zombies (D:10)
  Robin (D:3)
  10 adders
  7 river rats
  A shadow imp (D:6)
  4 white imps
  2 worms
  4 dart slugs
  70 orcs
  10 endoplasms
  13 giant cockroaches
  10 goblins
  12 hobgoblins
  4 jackals (D:3)
  3 quokkas
  14 ball pythons
  7 bats
  3 frilled lizards
  4 goblin zombies (D:10)
  24 kobolds
  15 orc zombies (D:10)
  24 rats
  A briar patch (Swamp:4)
  3 butterflies
  3 tentacles (Swamp:1)
1189 creatures vanquished.

Vanquished Creatures (collateral kills)
  A hydra (D:13)
  A naga ritualist (Snake:4)
  A salamander (Snake:4)
  2 yaks (Lair:3)
  A naga (Snake:4)
  A phantom (D:5)
  A bullfrog (D:9)
  A wight (D:8)
  An orc wizard (D:5)
10 creatures vanquished.

Vanquished Creatures (others)
  An orc high priest (Orc:2)
  A deep elf knight (Elf:1)
  A goliath frog (Swamp:1)
  A wizard (D:14)
  A deep elf zephyrmancer (Elf:2)
  A salamander (Snake:4)
  2 bloated husks
  Prince Ribbit (D:8)
  2 yaks (Lair:3)
  A bullfrog (D:5)
  4 orc wizards
  A kobold (D:3)
  2 bushes (Lair:5)
  14 foxfires (Swamp:3)
  36 fungi
  79 plants
  9 tentacles (Swamp:1)
  2 withered plants (Lair:3)
159 creatures vanquished.

Grand Total: 1358 creatures vanquished

Notes
Turn   | Place    | Note
-------+----------+-------------------------------------------
     0 | D:1      | PurpleRed the Gnoll Artificer began the quest for the Orb.
     0 | D:1      | Reached XP level 1. HP: 17/17 MP: 1/1
   115 | D:1      | Reached XP level 2. HP: 23/23 MP: 2/2
   396 | D:1      | Learned a level 1 spell: Sandblast
   646 | D:1      | Found a faded altar of an unknown god.
   656 | D:1      | Reached XP level 3. HP: 28/28 MP: 3/3
   936 | D:2      | Reached skill level 1 in Invocations
  1123 | D:2      | Found a sacrificial altar of Ru.
  1170 | D:2      | Reached skill level 1 in Short Blades
  1170 | D:2      | Reached skill level 1 in Long Blades
  1170 | D:2      | Reached skill level 1 in Axes
  1170 | D:2      | Reached skill level 1 in Maces & Flails
  1170 | D:2      | Reached skill level 1 in Polearms
  1170 | D:2      | Reached skill level 1 in Staves
  1170 | D:2      | Reached skill level 1 in Ranged Weapons
  1170 | D:2      | Reached skill level 1 in Throwing
  1170 | D:2      | Reached skill level 1 in Shields
  1170 | D:2      | Reached skill level 1 in Unarmed Combat
  1170 | D:2      | Reached skill level 1 in Spellcasting
  1393 | D:3      | Reached XP level 4. HP: 30/34 MP: 5/5
  1405 | D:3      | Reached skill level 1 in Conjurations
  1405 | D:3      | Reached skill level 1 in Hexes
  1405 | D:3      | Reached skill level 1 in Summonings
  1405 | D:3      | Reached skill level 1 in Necromancy
  1405 | D:3      | Reached skill level 1 in Translocations
  1405 | D:3      | Reached skill level 1 in Transmutations
  1405 | D:3      | Reached skill level 1 in Fire Magic
  1405 | D:3      | Reached skill level 1 in Ice Magic
  1405 | D:3      | Reached skill level 1 in Air Magic
  1405 | D:3      | Reached skill level 1 in Earth Magic
  1405 | D:3      | Reached skill level 1 in Poison Magic
  1477 | D:3      | Noticed Robin
  1494 | D:3      | Reached XP level 5. HP: 33/40 MP: 7/7
  1502 | D:3      | Killed Robin
  1856 | D:3      | Found a bloodstained altar of Trog.
  2173 | D:4      | Found a sacrificial altar of Ru.
  2181 | D:4      | Noticed a black bear
  2193 | D:4      | Killed a black bear
  2194 | D:4      | Reached XP level 6. HP: 20/47 MP: 8/8
  2347 | D:4      | Reached skill level 5 in Armour
  2827 | D:5      | Entered Level 5 of the Dungeon
  2948 | D:5      | Noticed a water moccasin
  3370 | D:5      | Reached skill level 7 in Evocations
  3370 | D:5      | Reached XP level 7. HP: 52/52 MP: 10/10
  3460 | D:5      | Noticed a two-headed ogre
  3465 | D:5      | Killed a two-headed ogre
  3466 | D:5      | Reached XP level 8. HP: 54/60 MP: 10/13
  4209 | D:5      | Found a hide-covered altar of Uskayaw.
  4209 | D:5      | Found an iron altar of Okawaru.
  4391 | D:6      | Reached XP level 9. HP: 66/66 MP: 14/14
  4480 | D:6      | Found a staircase to the Ecumenical Temple.
  4491 | Temple   | Entered the Ecumenical Temple
  4502 | Temple   | Became a worshipper of Gozag Ym Sagoz the Greedy
  4634 | D:6      | Reached skill level 5 in Fighting
  4634 | D:6      | Reached skill level 5 in Dodging
  4688 | D:6      | Found a shimmering blue altar of Sif Muna.
  4832 | D:6      | Found a glowing drain.
  4872 | Sewer    | Entered a sewer
  4964 | Sewer    | Reached skill level 5 in Stealth
  5180 | Sewer    | Reached skill level 8 in Evocations
  5207 | Sewer    | Reached skill level 5 in Conjurations
  5207 | Sewer    | Reached skill level 5 in Hexes
  5207 | Sewer    | Reached skill level 5 in Summonings
  5207 | Sewer    | Reached skill level 5 in Necromancy
  5207 | Sewer    | Reached skill level 5 in Translocations
  5207 | Sewer    | Reached skill level 5 in Transmutations
  5207 | Sewer    | Reached skill level 5 in Fire Magic
  5207 | Sewer    | Reached skill level 5 in Ice Magic
  5207 | Sewer    | Reached skill level 5 in Air Magic
  5207 | Sewer    | Reached skill level 5 in Earth Magic
  5207 | Sewer    | Reached skill level 5 in Poison Magic
  5207 | Sewer    | Reached skill level 9 in Evocations
  5207 | Sewer    | Reached XP level 10. HP: 74/77 MP: 15/19
  5424 | D:6      | Identified the +4 falchion of Mixzieg {freeze, rElec rN+
                  | Str-4}
  6093 | D:7      | Found a shimmering altar of Xom.
  6093 | D:7      | Found a shimmering altar of Xom.
  6094 | D:7      | Found a shimmering altar of Xom.
  6095 | D:7      | Found a shimmering altar of Xom.
  6095 | D:7      | Found a shimmering altar of Xom.
  6096 | D:7      | Found a shimmering altar of Xom.
  6296 | D:7      | Found a basalt altar of Yredelemnul.
  6411 | D:8      | Found a staircase to the Lair.
  6411 | D:8      | Noticed Prince Ribbit
  7110 | D:8      | Your ally Prince Ribbit died
  7670 | D:8      | Found a blossoming altar of Fedhas.
  7693 | D:8      | Noticed Psyche
  7696 | D:8      | Killed Psyche
  7697 | D:8      | Reached XP level 11. HP: 84/84 MP: 20/20
  8195 | D:8      | Found a stormy altar of Qazlal.
  8209 | D:8      | Found a snail-covered altar of Cheibriados.
  8826 | D:9      | Found a white marble altar of Elyvilon.
  8826 | D:9      | Found a burning altar of Makhleb.
  9659 | D:10     | Entered Level 10 of the Dungeon
  9659 | D:10     | Noticed a two-headed ogre
  9668 | D:10     | Killed a two-headed ogre
  9909 | D:10     | Found a staircase to the Orcish Mines.
 10277 | D:10     | Noticed a two-headed ogre
 10281 | D:10     | Killed a two-headed ogre
 10968 | D:11     | Noticed a manticore
 11062 | D:8      | Bought Great Wizards, Vol. II for 608 gold pieces
 11068 | D:8      | Learned a level 5 spell: Borgnjor's Vile Clutch
 11078 | Lair:1   | Entered Level 1 of the Lair of Beasts
 11831 | Lair:1   | Reached skill level 10 in Evocations
 11831 | Lair:1   | Reached XP level 12. HP: 89/92 MP: 23/23
 13546 | Lair:3   | HP: 4/93 [polar bear (3)]
 13789 | Lair:3   | You fall into a shaft and drop 2 floors!
 13789 | Lair:5   | Entered Level 5 of the Lair of Beasts
 13798 | Lair:5   | Noticed a seven-headed hydra
 14430 | Lair:4   | Noticed a boulder beetle
 14450 | Lair:4   | Killed a boulder beetle
 15022 | Lair:4   | Found a viscous altar of Jiyva.
 15023 | Lair:4   | Found a staircase to the Slime Pits.
 15491 | Lair:3   | Found a staircase to the Snake Pit.
 15879 | Lair:3   | Identified the +4 hand axe of Inference {speed, rN+ Int+6
                  | Dex-4}
 16124 | Lair:3   | Noticed a skyshark
 16130 | Lair:3   | Killed a skyshark
 16138 | Lair:3   | Reached XP level 13. HP: 83/100 MP: 19/25
 16204 | Lair:3   | Found a runed translucent door.
 16205 | Lair:3   | Noticed RoGGa's ghost (journeyman HuCA)
 17049 | Lair:3   | Found a staircase to the Swamp.
 18302 | Lair:5   | Reached skill level 10 in Armour
 18302 | Lair:5   | Reached skill level 11 in Evocations
 18595 | Lair:5   | Noticed an ice dragon
 18871 | Lair:5   | Killed an ice dragon
 18999 | Lair:5   | Learned a level 5 spell: Irradiate
 19620 | Lair:5   | Got the Anthology of Transmutation
 19851 | Lair:4   | Reached skill level 10 in Invocations
 20135 | Lair:5   | Reached XP level 14. HP: 87/109 MP: 9/27
 20759 | Lair:5   | Found the +3 Mad Mage's Maulers {Infuse+∞ VampMP -Cast}
 21783 | Lair:5   | Learned a level 4 spell: Fulminant Prism
 22217 | D:11     | Found Vuput's Neck Hole.
 22226 | D:11     | Bought the +2 cloak "Qomel" {rElec rC+} for 390 gold pieces
 22676 | D:11     | Identified a scroll of acquirement
 22677 | D:11     | Acquired the +2 pair of boots of Maq Isham {rF+ Dex+3}
 22714 | D:11     | Reached skill level 10 in Fighting
 22714 | D:11     | Reached skill level 10 in Dodging
 23546 | D:11     | Found a runed translucent door.
 23548 | D:11     | Found a runed translucent door.
 23580 | D:11     | Reached skill level 10 in Stealth
 23757 | D:11     | Found a portal to a secret trove of treasure.
 26882 | D:13     | Noticed Azrael
 26896 | D:13     | Reached skill level 10 in Short Blades
 26896 | D:13     | Reached skill level 10 in Long Blades
 26896 | D:13     | Reached skill level 10 in Axes
 26896 | D:13     | Reached skill level 10 in Maces & Flails
 26896 | D:13     | Reached skill level 10 in Polearms
 26896 | D:13     | Reached skill level 10 in Staves
 26896 | D:13     | Reached skill level 10 in Ranged Weapons
 26896 | D:13     | Reached skill level 10 in Throwing
 26896 | D:13     | Reached skill level 10 in Shields
 26896 | D:13     | Reached skill level 10 in Unarmed Combat
 26896 | D:13     | Reached skill level 10 in Spellcasting
 26898 | D:13     | Killed Azrael
 26912 | D:13     | Got the Exposition on Frostbitten Bedrock
 27336 | D:13     | Reached skill level 12 in Evocations
 27808 | D:13     | Reached XP level 15. HP: 117/117 MP: 2/29
 28557 | D:14     | Found a gate leading to a gauntlet.
 28566 | Gauntlet | Entered a Gauntlet
 28566 | Gauntlet | Found a transporter.
 28566 | Gauntlet | Found a transporter.
 28566 | Gauntlet | Found a runed translucent gate.
 28655 | Gauntlet | Found a transporter.
 28656 | Gauntlet | Found a transporter.
 28657 | Gauntlet | Found a runed translucent gate.
 28658 | Gauntlet | Found a runed translucent gate.
 28659 | Gauntlet | Found a transporter.
 28670 | Gauntlet | Found a transporter.
 28671 | Gauntlet | Found a transporter.
 28672 | Gauntlet | Found a transporter.
 28674 | Gauntlet | Found a transporter.
 28683 | Gauntlet | Found a transporter.
 28712 | Gauntlet | Found the ring of the Mage {Wiz Archmagi}
 28725 | Gauntlet | Found a transporter.
 28812 | Gauntlet | Found a transporter.
 29188 | Gauntlet | Identified the amulet "Wedof" {rC+ Regen+ Int+2 Slay+2}
 29382 | Gauntlet | Identified the +1 morningstar "Ehoadog" {venom, Int+5}
 29382 | Gauntlet | Identified the ring "Koesawk" {rElec Str+6 Int-5 Dex+6}
 29789 | D:14     | Acquired 714 gold pieces
 30772 | D:14     | Found a gate to the Vaults.
 31818 | D:14     | Identified the +0 ring mail of the Scuffed God {rF+ Str+2
                  | Int+4}
 32148 | D:14     | Identified the ring of the Threshing Gods {Ice rN+}
 32652 | D:15     | Entered Level 15 of the Dungeon
 33167 | D:15     | Found a sparkling altar of Nemelex Xobeh.
 33286 | D:15     | Found a runed translucent gate.
 33286 | D:15     | Found a runed translucent gate.
 33286 | D:15     | Noticed an acid blob
 33287 | D:15     | Found a runed translucent gate.
 33287 | D:15     | Noticed a rockslime
 33378 | D:15     | Reached XP level 16. HP: 112/125 MP: 1/31
 33744 | D:15     | Paralysed by a great orb of eyes for 5 turns
 33896 | D:15     | Found a staircase to the Depths.
 34135 | D:15     | Noticed 333guts333's ghost (journeyman MiGl)
 34135 | D:15     | Noticed a rockslime
 34136 | D:15     | Noticed an acid blob
 34568 | D:15     | Found a viscous altar of Jiyva.
 34691 | Orc:1    | Entered Level 1 of the Orcish Mines
 35473 | Orc:2    | Entered Level 2 of the Orcish Mines
 35482 | Orc:2    | Found Murobb's CLEARANCE SALE!.
 35490 | Orc:2    | Bought 2 scrolls of teleportation for 12 gold pieces
 35490 | Orc:2    | Bought a scroll of teleportation for 6 gold pieces
 35490 | Orc:2    | Bought a potion of berserk rage for 10 gold pieces
 35875 | Orc:2    | Found Zedwadef's Armour Emporium.
 35875 | Orc:2    | Found Zechorys's Jewellery Emporium.
 36134 | Orc:2    | Found a staircase to the Elven Halls.
 36308 | Orc:2    | Found Buvvuy's Magic Scroll Shoppe.
 36312 | Orc:2    | Found Iruymeed's Assorted Antiques.
 36315 | Orc:2    | Bought the +0 mask of the Dragon {Will+ Slay+3 SInv} for
                  | 467 gold pieces
 36315 | Orc:2    | Found the +0 mask of the Dragon {Will+ Slay+3 SInv}
 36458 | Orc:2    | Bought 2 scrolls of fog for 200 gold pieces
 36458 | Orc:2    | Bought a scroll of enchant armour for 187 gold pieces
 36460 | Orc:2    | Bought a scroll of blinking for 105 gold pieces
 36460 | Orc:2    | Bought a scroll of teleportation for 42 gold pieces
 36465 | Orc:2    | Bought the ring "Gyceluph" {AC+4 Int+2 Dex+3} for 749 gold
                  | pieces
 36489 | Orc:2    | Bought a scroll of magic mapping for 105 gold pieces
 37948 | Orc:1    | Learned a level 7 spell: Ozocubu's Refrigeration
 38029 | Orc:2    | Bought a scroll of magic mapping for 142 gold pieces
 38029 | Orc:2    | Bought a scroll of magic mapping for 142 gold pieces
 38029 | Orc:2    | Bought a scroll of teleportation for 57 gold pieces
 38029 | Orc:2    | Bought a scroll of teleportation for 57 gold pieces
 38031 | Orc:2    | Bought a smelly scale mail for 207 gold pieces
 38031 | Orc:2    | Identified the +5 scale mail of the Merchant {rElec rN+++
                  | rCorr Int-5} (You bought it in a shop on level 2 of the
                  | Orcish Mines)
 38193 | Snake:1  | Entered Level 1 of the Snake Pit
 38193 | Snake:1  | Noticed Josephine
 38209 | Snake:1  | Killed Josephine
 38210 | Snake:1  | Reached skill level 13 in Evocations
 40137 | Snake:1  | Found a transporter.
 40139 | Snake:1  | Identified the +6 war axe of Yhumin {holy, rElec rF+++ rN+
                  | Str-5}
 40140 | Snake:1  | Identified the ring of Daffodils {rCorr Str+3 Dex-5 SInv
                  | Stlth+}
 40155 | Snake:1  | Found a transporter.
 40937 | Snake:2  | Found a basalt altar of Yredelemnul.
 41159 | Snake:2  | Found Rephylox's Jewellery Boutique.
 41166 | Snake:2  | Found Qaor's Armour Shop.
 41166 | Snake:2  | Found Weesis's Antique Armour Boutique.
 41169 | Snake:2  | Found Qechoh's Armour Shop.
 41186 | Snake:2  | Noticed a nagaraja
 41197 | Snake:2  | Killed a nagaraja
 42234 | Snake:3  | Reached XP level 17. HP: 133/133 MP: 10/32
 42245 | Snake:3  | Reached skill level 10 in Conjurations
 42245 | Snake:3  | Reached skill level 10 in Hexes
 42245 | Snake:3  | Reached skill level 10 in Summonings
 42245 | Snake:3  | Reached skill level 10 in Necromancy
 42245 | Snake:3  | Reached skill level 10 in Translocations
 42245 | Snake:3  | Reached skill level 10 in Transmutations
 42245 | Snake:3  | Reached skill level 10 in Fire Magic
 42245 | Snake:3  | Reached skill level 10 in Ice Magic
 42245 | Snake:3  | Reached skill level 10 in Air Magic
 42245 | Snake:3  | Reached skill level 10 in Earth Magic
 42245 | Snake:3  | Reached skill level 10 in Poison Magic
 44399 | Snake:4  | Entered Level 4 of the Snake Pit
 46410 | Snake:4  | Reached skill level 14 in Evocations
 46532 | Snake:4  | Noticed Vashnia
 46656 | Snake:4  | Killed Vashnia
 46657 | Snake:4  | Reached XP level 18. HP: 140/142 MP: 6/34
 46837 | Snake:4  | Found Tellovov's Jewellery Boutique.
 46837 | Snake:4  | Found Kaoppa's Book Emporium.
 46838 | Snake:4  | Found Nileut's Jewellery Boutique.
 46849 | Snake:4  | Bought a book of the Earth for 576 gold pieces
 47870 | Snake:4  | Got a serpentine rune of Zot
 48022 | Swamp:1  | Entered Level 1 of the Swamp
 51655 | Swamp:3  | Found a runed translucent gate.
 51655 | Swamp:3  | Found a runed translucent gate.
 51655 | Swamp:3  | Found a runed translucent gate.
 51655 | Swamp:3  | Noticed Qemahefa's ghost (adept GrFi)
 51940 | Swamp:3  | Got Izooskibb's Omnibus of Phlogiston and Direction
 52660 | Swamp:4  | Entered Level 4 of the Swamp
 53138 | Swamp:4  | Got a decaying rune of Zot
 53461 | Swamp:4  | Reached XP level 19. HP: 150/150 MP: 5/36
 54546 | Lair:3   | Killed RoGGa's ghost
 54836 | Elf:1    | Entered Level 1 of the Elven Halls
 54854 | Elf:1    | Found a radiant altar of Vehumet.
 54877 | Elf:1    | Paralysed by an air elemental for 1 turns
 55303 | Elf:1    | Got the Reference Book on the Shot
 55498 | Elf:1    | Found a runed translucent gate.
 55498 | Elf:1    | Found a runed translucent gate.
 55499 | Elf:1    | Found a runed translucent gate.
 55501 | Elf:1    | Found an opulent altar of Gozag.
 55508 | Elf:1    | Noticed WiseOSalty's ghost (adept DsFi)
 55509 | Elf:1    | Found Cushreus's Assorted Antiques.
 55511 | Elf:1    | Found Muhichos's Assorted Antiques.
 56402 | Elf:1    | Got the Tractate on the Torch and the Curse
 56977 | Elf:2    | Reached skill level 15 in Evocations
 57148 | Elf:2    | Found a runed translucent gate.
 57151 | Elf:2    | Found a runed translucent gate.
 57151 | Elf:2    | Found a runed translucent gate.
 57716 | Elf:2    | Identified Roxanne's Codex of the Body
 57716 | Elf:2    | Noticed Roxanne
 57928 | Elf:2    | Noticed Zenata
 58237 | Elf:2    | Killed from afar by Zenata

Illustrated notes

Levels and vault maps discovered:
D:1:      roderic_dead_forest, layout_basic,
          shapermc_ecumenical_altar_notcrosses
D:2:      layout_rooms, basic_altar, nrook_mini_vaults, reono_crystal_passage
D:3:      layout_loops_ring, mainiacjoe_overflow_alcove_2,
          chequers_serial_rivers_small_a, kennysheep_generic_room_6, uniq_robin
D:4:      layout_loops_ring, mainiacjoe_overflow_chevrons,
          chequers_serial_rivers_micro_d, serial_park_tiny_2
D:5:      cheibrodos_fzero, layout_gridville, grunt_temple_overflow_open,
          kennysheep_small_spiral
D:6:      layout_basic, mainiacjoe_overflow_boulevard, temple_hall,
          portal_sewer_entry_b, grunt_tough_drop
D:7:      layout_gridville, xom_redecorated, nicolae_overflow_crystal_walls,
          enter_ossuary_2
D:8:      layout_basic, mainiacjoe_overflow_24_doors, minitemple,
          david_lair_generic, kennysheep_dice, uniq_prince_ribbit1, uniq_psyche
D:9:      layout_roguey, jmf_multi_god_temple, serial_curves, eino_curves_02,
          eino_curves_04, eino_curves_03
D:10:     layout_basic, zombieorc1_lemuel
D:11:     lemuel_insect_pit, layout_basic, nicolae_trove_entry_path_of_doom,
          nicolae_shop_sticking_my_neck_out
D:12:     layout_gridville, special_room [special_room_orc],
          nicolae_hexahallways, kennysheep_generic_room_3
D:13:     cheibrodos_lost_city_excavation, layout_long_grid, uniq_azrael
D:14:     minmay_the_grid_octo_tiled_octocenter [minmay_the_grid_octo_focus,
          minmay_the_grid_octo_fat_diamond, minmay_the_grid_octo_clover_2,
          minmay_the_grid_octo_checkerflower,
          minmay_the_grid_octo_prize_single_spiral,
          minmay_the_grid_square_5x5_percent,
          minmay_the_grid_square_5x5_minimal, minmay_the_grid_square_5x5_six,
          minmay_the_grid_square_5x5_hourglass], layout_loops_ring,
          david_vaults_5, roderic_roman_lattice, gauntlet_entry_generic,
          minmay_fountain_box
D:15:     gammafunk_enter_depths_forms, layout_rooms,
          portal_ice_cave_entry_ice_statue_one, gammafunk_ghost_ooze,
          nemelex_altar_shiori
Temple:   eino_temple_lava
Lair:1:   layout_long_grid, beast_lair_carwin_11
Lair:2:   layout_chaotic_city, lemuel_fruit_fields, serial_bayou_shore_b,
          serial_bayou_shore_b, infiniplex_staircase_pool, lemuel_fruit_tree,
          lemuel_fruit_fields
Lair:3:   layout_chaotic_city, palyth_hydra_swamp_entry,
          guppyfry_snake_entry_garden, gammafunk_ghost_grave,
          nicolae_lair_liquid_snakes
Lair:4:   layout_cellular_growth, dpeg_slime_entry_enclosed, st_stairs_7,
          kennysheep_catoblepas_arena, lemuel_fruit_fields,
          infiniplex_staircase_pool_2
Lair:5:   minmay_lair_end_enchanted_forest, layout_loops_ring,
          nicolae_quartered_pool_little, ice2_lemuel, grunt_megastairs_3
Swamp:1:  layout_basic_swamp, evilmike_swamp_ruin_house_1,
          nicolae_swamp_thats_no_hydra
Swamp:2:  layout_falls_marsh, nicolae_swamp_fairy_circle
Swamp:3:  layout_basic_swamp, gammafunk_ghost_hydra_chop,
          evilmike_swamp_ruin_house_5
Swamp:4:  swamp, layout_basic_swamp, swamp_pool3, lightli_tree_ring
Snake:1:  gammafunk_sealed_arena, layout_chambers, serial_bayou_lagoon_b,
          uniq_josephine
Snake:2:  layout_misc_corridors, basic_altar, nrook_loot_triangle,
          minmay_shoptagon
Snake:3:  layout_grid_shapes
Snake:4:  grunt_snake_rune_serpentine_throne, layout_cave_town,
          serial_bayou_shore_a, minmay_shop_grove
Orc:1:    layout_caves
Orc:2:    st_orc_mages, layout_caves, nicolae_shop_clearance
Elf:1:    eino_elf_arrival_altar, layout_geoelf_octagon, ebering_ghost_gozag,
          minmay_elf_annihilation
Elf:2:    nicolae_elf_blades_crystal_corner, layout_loops_ring, serial_shops,
          nicolae_shop_pleasant_corner_grove,
          nicolae_concentric_dashed_squares_wild, uniq_zenata, uniq_roxanne

Skill      XL: |  1  2  3  4  5  6  7  8  9 10 11 12 13 14 15 16 17 18 19 |
---------------+----------------------------------------------------------+-----
Invocations    | 1 2 3 4 6 7 8 9 10 11 12 13 14 | 14.9
Short Blades   | 1 2 3 6 7 8 9 10 11 12 13 | 13.7
Long Blades    | 1 2 3 6 7 8 9 10 11 12 13 | 13.7
Axes           | 1 2 3 6 7 8 9 10 11 12 13 | 13.7
Maces & Flails | 1 2 3 6 7 8 9 10 11 12 13 | 13.7
Polearms       | 1 2 3 6 7 8 9 10 11 12 13 | 13.7
Staves         | 1 2 3 6 7 8 9 10 11 12 13 | 13.7
Ranged Weapons | 1 2 3 6 7 8 9 10 11 12 13 | 13.7
Throwing       | 1 2 3 6 7 8 9 10 11 12 13 | 13.7
Shields        | 1 2 3 6 7 8 9 10 11 12 13 | 13.7
Unarmed Combat | 1 2 3 6 7 8 9 10 11 12 13 | 13.7
Spellcasting   | 1 2 3 6 7 8 9 10 11 12 13 | 13.7
Conjurations   | 1 2 3 5 6 7 8 9 10 11 | 11.6
Hexes          | 1 2 3 5 6 7 8 9 10 11 | 11.6
Summonings     | 1 2 3 5 6 7 8 9 10 11 | 11.6
Necromancy     | 1 2 3 5 6 7 8 9 10 11 | 11.6
Translocations | 1 2 3 5 6 7 8 9 10 11 | 11.6
Transmutations | 1 2 3 5 6 7 8 9 10 11 | 11.6
Fire Magic     | 1 2 3 5 6 7 8 9 10 11 | 11.6
Ice Magic      | 1 2 3 5 6 7 8 9 10 11 | 11.6
Air Magic      | 1 2 3 5 6 7 8 9 10 11 | 11.6
Earth Magic    | 1 2 3 5 6 7 8 9 10 11 | 11.6
Poison Magic   | 1 2 3 5 6 7 8 9 10 11 | 11.6
Fighting       | 3 4 6 7 8 9 10 11 12 13 14 | 14.0
Dodging        | 3 4 6 7 8 9 10 11 12 13 14 | 14.0
Stealth        | 3 4 6 7 8 9 10 11 12 13 | 13.9
Armour         | 5 6 7 8 9 10 11 12 13 14 | 14.4
Evocations     | 7 9 10 11 12 13 14 15 | 15.1

Action                     |  1- 3 |  4- 6 |  7- 9 | 10-12 | 13-15 | 16-18 | 19-21 || total
---------------------------+-------+-------+-------+-------+-------+-------+-------++-------
  Melee: Club              |    26 |       |       |       |       |       |       ||    26
         Bite              |    11 |    22 |    23 |   113 |   209 |   198 |    36 ||   612
         Punch             |     2 |     6 |     4 |    44 |    36 |       |       ||    92
         Dagger            |    39 |       |       |       |       |       |       ||    39
         Short sword       |    33 |       |       |       |       |       |       ||    33
         Flail             |    35 |   169 |   241 |    11 |       |       |       ||   456
         Falchion          |       |       |       |   768 |   640 |       |       ||  1408
         Demon trident     |       |       |       |    64 |   682 |  1582 |   326 ||  2654
  Throw: Dart              |       |     1 |       |    16 |     4 |       |       ||    21
   Cast: Sandblast         |     1 |       |       |       |       |       |       ||     1
         Borgnjor's Vile C |       |       |       |    17 |    78 |       |       ||    95
         Irradiate         |       |       |       |       |    12 |       |       ||    12
 Invoke: Call Merchant     |       |       |       |     1 |       |     2 |     1 ||     4
         Potion Petition   |       |       |       |     1 |     1 |       |       ||     2
  Evoke: Wand              |       |     8 |     5 |    38 |    20 |       |       ||    71
         Tin of tremorston |       |       |       |     3 |     5 |     3 |       ||    11
         Lightning rod     |       |       |       |       |     3 |     7 |     1 ||    11
         Box of beasts     |       |       |       |       |     2 |     1 |       ||     3
         Phantom mirror    |       |       |       |       |     1 |       |       ||     1
    Use: Scroll            |       |     6 |    11 |    12 |    13 |     7 |     2 ||    51
         Potion            |       |     1 |     1 |     2 |     2 |     3 |     3 ||    12
   Stab: Sleeping          |     6 |     4 |     3 |    11 |    16 |    17 |     5 ||    62
         Distracted        |       |       |     1 |     5 |    12 |    13 |     8 ||    39
         Invisible         |       |       |       |       |     5 |       |       ||     5
 Armour: Leather armour    |    24 |       |       |    33 |   324 |       |       ||   381
         Ring mail         |    19 |    78 |   102 |   233 |   278 |    70 |       ||   780
         Scale mail        |       |       |       |       |       |   394 |   114 ||   508
  Dodge: Dodged            |    77 |   133 |   149 |   460 |   890 |   609 |   100 ||  2418
  Block: Other             |    11 |    53 |    61 |   175 |    74 |       |       ||   374
         Reflection        |       |     3 |     1 |     2 |       |       |       ||     6
         Buckler           |       |       |       |       |   185 |   160 |       ||   345
         Kite shield       |       |       |       |       |       |   525 |   145 ||   670
